 Dungeon Crawl Stone Soup version 0.24-a0-378-g94936e539c (webtiles) character file.

Game seed: 14758210234523844574

6150 HAL9000 the Slicer (level 10, -4/46 HPs)
             Began as a Vine Stalker Assassin on June 1, 2019.
             Was an Initiate of Ru.
             Killed from afar by an electric eel (6 damage)
             ... with a bolt of electricity
             ... on level 2 of the Lair of Beasts.
             The game lasted 00:26:10 (10619 turns).

HAL9000 the Slicer (Vine Stalker Assassin)         Turns: 10619, Time: 00:26:11

Health: -4/46      AC:  8    Str: 15    XL:     10   Next: 90%
Magic:  0/16       EV: 11    Int: 12    God:    Ru [......]
Gold:   414        SH:  5    Dex: 17    Spells: 16/16 levels left

rFire    . . .     SeeInvis .   E - +3 dagger (venom)
rCold    + . .     Gourm    .   x - +0 buckler
rNeg     . . .     Faith    .   r - +0 leather armour
rPois    .         Spirit   +   u - +0 helmet
rElec    .         Reflect  .   c - +0 cloak
rCorr    .         Harm     .   (no gloves)
MR       ++...                  l - +2 pair of boots
Stlth    +++.......             M - amulet of magic regeneration
HPRegen  0.55/turn              A - ring of protection from cold
MPRegen  0.40/turn              B - ring of protection from magic

@: very slow
A: fangs 3, regeneration 1, magic shield, antimagic bite, no potion heal 3, rot
immunity
a: Sacrifice Love, Sacrifice Stealth, Sacrifice Experience, Reject Sacrifices,
Renounce Religion


You were on level 2 of the Lair of Beasts.
You worshipped Ru.
Ru was noncommittal.
You were not hungry.

You visited 3 branches of the dungeon, and saw 11 of its levels.

You collected 456 gold pieces.
You spent 42 gold pieces at shops.

Inventory:

Hand Weapons
 D - a +4 short sword
 E - a +3 dagger of venom (weapon)
Missiles
 d - 51 poisoned darts
 e - a curare-tipped dart
 H - 2 silver boomerangs (quivered)
 I - 2 throwing nets
Armour
 c - a +0 cloak (worn)
 l - a +2 pair of boots (worn)
 r - a +0 leather armour (worn)
 u - a +0 helmet (worn)
 x - a +0 buckler (worn)
Jewellery
 A - a ring of protection from cold (left hand)
 B - a ring of protection from magic (right hand)
 G - an uncursed ring of resist corrosion
 M - an amulet of magic regeneration (around neck)
Wands
 a - a wand of enslavement (27)
 b - a wand of flame (16)
 y - a wand of random effects (9)
 N - a wand of disintegration (22)
Scrolls
 h - 5 scrolls of immolation {unknown}
 j - 3 scrolls of enchant weapon
 k - 3 scrolls of amnesia {unknown}
 p - 4 scrolls of remove curse
 q - 3 scrolls of noise {unknown}
 v - 3 scrolls of magic mapping {unknown}
 z - 2 scrolls of fog {unknown}
 J - 2 scrolls of blinking {unknown}
 K - a scroll of random uselessness {unknown}
 O - a scroll of teleportation
Potions
 g - a potion of ambrosia
 i - 3 potions of brilliance
 m - 5 potions of curing
 n - 2 potions of magic
 o - 2 potions of flight
 s - 2 potions of haste
 t - a potion of invisibility
 w - a potion of mutation {unknown}
 F - 4 potions of lignification
 L - a potion of experience {unknown}
Comestibles
 f - 19 rations


   Skills:
 + Level 1.7 Fighting
 - Level 11.5 Short Blades
 - Level 1.7 Throwing
 - Level 0.7 Dodging
 - Level 11.0 Stealth
 - Level 4.2 Shields
 - Level 3.9 Spellcasting


You had 16 spell levels left.
You didn't know any spells.
Your spell library contained the following spells:

 Spells                   Type           Power        Failure   Level  Hunger
 Corona                   Hex            #......      28%         1    #......
 Slow                     Hex            #.......     38%         2    ##.....
 Inner Flame              Hex/Fire       #.......     63%         3    ###....
 Portal Projectile        Hex/Tloc       #.....       63%         3    ###....
 Cause Fear               Hex            #.........   95%         4    #####..
 Leda's Liquefaction      Hex/Erth       #.........   95%         4    #####..


Dungeon Overview and Level Annotations

Branches:
Dungeon (8/15)             Temple (1/1) D:4            Lair (2/6) D:8
  Swamp: Lair:2-4    Shoals: Lair:2-4     Snake: Lair:2-4    Spider: Lair:2-4

Altars:
Ashenzari
Cheibriados
Dithmenos
Elyvilon
Fedhas
Gozag
Hepliaklqana
Kikubaaqudgha
Makhleb
Nemelex Xobeh
Okawaru
Qazlal
Ru
Sif Muna
Trog
Uskayaw
Vehumet
Wu Jian
Xom
Yredelemnul
Zin
The Shining One

Shops:
D:6 [   D:7 *}(


Innate Abilities, Weirdness & Mutations

You have razor-sharp teeth.
Your natural rate of healing is unusually fast.
When hurt, damage is shared between your health and your magic reserves.
Your bite disrupts and absorbs the magic of your enemies.
Potions cannot restore your health.
You are immune to rotting.


Message History

The electric eel shoots out a bolt of lightning at you!
The bolt of electricity hits you!
The bolt of electricity hits the plant!
The electric eel shoots out a bolt of lightning at you!
The bolt of electricity hits the plant! x2; The bolt of electricity hits you!
You see here a poisoned dart.
The electric eel shoots out a bolt of lightning at you!
The bolt of electricity hits the plant! x2; The bolt of electricity hits you!
* * * LOW HITPOINT WARNING * * *
The electric eel shoots out a bolt of lightning at you!
The bolt of electricity hits you!
* * * LOW HITPOINT WARNING * * *
The electric eel shoots out a bolt of lightning at you!
The bolt of electricity hits the plant!
The bolt of electricity hits the plant.
The bolt of electricity misses you.
The electric eel shoots out a bolt of lightning at you!
The bolt of electricity hits you!
* * * LOW HITPOINT WARNING * * *
The electric eel shoots out a bolt of lightning at you!
The bolt of electricity hits the plant!
The bolt of electricity hits you!
You die...

.. ♣♣≈≈≈≈≈≈≈≈≈≈♣
#P.....# ..#
♣≈≈≈≈≈≈≈≈≈≈≈♣ ....#..
#..##♣P≈≈≈≈≈≈P≈≈≈♣.
......#
#...#≈P≈≈;≈≈P;P≈..
......##
#..#≈PP≈≈≈≈≈≈≈≈..
.......#
#...≈PP(P≈≈≈≈PP.#
......#
###.≈P≈P≈P≈P≈≈P..
......##
#≈≈≈≈≈P.≈≈P≈≈.#
..<...P#
##.@≈....P.≈≈≈..
.....###
###...............
.....#
##.................
.....#
##.............#....
.....##
##..........##.......
......###..)......#.#
.......
....###...........###
....... ....#
#...........# ......
...####...........#
.....


You could see an electric eel.

Vanquished Creatures
  Harold (D:6)
  Pikel (D:6)
  Psyche (D:8)
  A spiny frog (Lair:2)
  2 water moccasins
  3 porcupines
  A sky beast (D:7)
  2 phantoms
  An orc warrior (D:8)
  2 slaves (D:7)
  An ice beast (D:7)
  6 wolves
  4 crocodiles (Lair:1)
  3 centaurs
  2 big kobolds
  10 bullfrogs
  4 scorpions
  6 killer bees
  A jelly (D:8)
  7 wights (D:6)
  A howler monkey (D:8)
  2 hounds
  A bullfrog skeleton (D:5)
  3 orc priests
  A centaur skeleton (D:4)
  Jessica (D:3)
  Terence (D:1)
  6 iguanas
  4 orc wizards
  4 worker ants
  Robin (D:2)
  2 gnolls (D:2)
  5 adders
  A shadow imp (D:7)
  An ooze (D:4)
  An adder skeleton (D:4)
  2 adder zombies
  A worm (D:4)
  2 dart slugs
  3 leopard geckos
  11 orcs
  4 giant cockroaches
  10 goblins
  11 hobgoblins
  16 jackals
  4 quokkas
  3 ball pythons
  4 bats
  7 frilled lizards
  5 kobolds
  A leopard gecko skeleton (D:5)
  A quokka zombie (D:6)
  4 rats
183 creatures vanquished.

Vanquished Creatures (others)
  A slave (D:7)
  A fungus (D:8)
2 creatures vanquished.

Grand Total: 185 creatures vanquished

Notes
Turn   | Place    | Note
-------+----------+-------------------------------------------
     0 | D:1      | HAL9000 the Vine Stalker Assassin began the quest for the
                  | Orb.
     0 | D:1      | Reached XP level 1. HP: 11/11 MP: 2/2
   595 | D:1      | Reached XP level 2. HP: 15/15 MP: 3/3
  1081 | D:1      | Reached XP level 3. HP: 8/18 MP: 2/4
  1537 | D:2      | Noticed Terence
  1650 | D:1      | Killed Terence
  2233 | D:2      | Noticed Robin
  2270 | D:2      | Gained mutation: Your natural rate of healing is unusually
                  | fast. [Vine Stalker growth]
  2270 | D:2      | Reached XP level 4. HP: 16/23 MP: 3/5
  2542 | D:2      | Killed Robin
  3120 | D:3      | Noticed Jessica
  3123 | D:3      | Killed Jessica
  3123 | D:3      | Reached XP level 5. HP: 26/26 MP: 6/6
  3453 | D:3      | Reached skill level 1 in Shields
  3840 | D:3      | Found a glowing silver altar of Zin.
  3840 | D:3      | Noticed an angel
  4126 | D:4      | Found a staircase to the Ecumenical Temple.
  4155 | Temple   | Entered the Ecumenical Temple
  4254 | Temple   | Became a worshipper of Ru the Awakened
  4305 | D:4      | Reached skill level 5 in Short Blades
  4355 | D:4      | Reached XP level 6. HP: 12/30 MP: 2/7
  4798 | D:4      | Noticed a phantom
  4804 | D:4      | Killed a phantom
  4804 | D:4      | Reached XP level 7. HP: 34/34 MP: 8/8
  4924 | D:5      | Entered Level 5 of the Dungeon
  5517 | D:5      | Found a shadowy altar of Dithmenos.
  6487 | D:6      | Gained mutation: You have razor-sharp teeth. [Vine Stalker
                  | growth]
  6487 | D:6      | Reached XP level 8. HP: 22/38 MP: 7/9
  6672 | D:6      | Found Leacir's Armour Boutique.
  7520 | D:7      | Found Meewed's General Store.
  7554 | D:7      | Bought a scroll of teleportation for 42 gold pieces
  7563 | D:7      | Noticed Harold
  7565 | D:7      | Noticed Pikel
  7591 | D:7      | Reached XP level 9. HP: 13/42 MP: 4/10
  7792 | D:7      | Found Wurasiku's Antique Weapon Emporium.
  7875 | D:7      | Found Degic's Gadget Boutique.
  8060 | D:6      | Killed Pikel
  8060 | D:6      | Reached skill level 10 in Short Blades
  8088 | D:6      | Killed Harold
  8527 | D:7      | Reached skill level 5 in Stealth
  8562 | D:8      | Reached XP level 10. HP: 43/46 MP: 11/11
  8638 | D:8      | Noticed Psyche
  8645 | D:8      | Killed Psyche
  8831 | D:8      | Found a staircase to the Lair.
  8996 | D:8      | Noticed a two-headed ogre
  9107 | Lair:1   | Entered Level 1 of the Lair of Beasts
  9282 | D:8      | Noticed a two-headed ogre
  9290 | Lair:1   | Reached skill level 10 in Stealth
  9567 | Lair:1   | Reached skill level 1 in Spellcasting
 10480 | Lair:2   | Noticed a spiny frog
 10499 | Lair:2   | Killed a spiny frog
 10618 | Lair:2   | HP: 1/46 [electric eel/bolt of electricity (4)]
 10619 | Lair:2   | Killed from afar by an electric eel

Levels and vault maps discovered:
D:1:      dpeg_arrival_tiny_h, layout_basic, serial_forest,
          infiniplex_forest_end_3, infiniplex_forest_lined_corner,
          infiniplex_forest_lined_2, infiniplex_forest_end_double,
          infiniplex_forest_corner_2, infiniplex_forest_straight_4
D:2:      layout_rooms, grunt_ministairs_1, minmay_crystal_water, bh_chokoban,
          uniq_terence, uniq_robin
D:3:      layout_basic, zin_angel, serial_bayou_lagoon_b, uniq_jessica
D:4:      layout_rooms, minmay_temple_entry_purple_smoke, first_ration
D:5:      layout_loops_corners, basic_altar, kennysheep_generic_room_8
D:6:      layout_loops_corners, kennysheep_windowed_goal
D:7:      layout_basic, serial_shops, shop, nicolae_shop_waterfront, shop,
          uniq_pikel, uniq_harold
D:8:      layout_gridville, grunt_lair_entry_orc_guard_hut, david_nohive_1,
          uniq_psyche
Temple:   grunt_wide_crystal_templ
Lair:1:   layout_small_grid
Lair:2:   layout_cave_pods, serial_bayou_shore_a

Skill      XL: |  1  2  3  4  5  6  7  8  9 10 |
---------------+-------------------------------+-----
Short Blades   | 2 3 4 5 6 7 9 11 | 11.5
Shields        | 1 2 3 4 |  4.2
Stealth        | 5 11 | 11.0
Spellcasting   | 3 |  3.9
Fighting       | |  1.7
Throwing       | |  1.7
Dodging        | |  0.7

Action                   |  1- 3 |  4- 6 |  7- 9 | 10-12 || total
-------------------------+-------+-------+-------+-------++-------
Melee: Dagger            |   104 |   222 |   348 |   212 ||   886
       Bite              |    23 |    64 |   136 |    62 ||   285
Throw: Dart              |     3 |     4 |     5 |     2 ||    14
       Boomerang         |       |       |     4 |     1 ||     5
  Use: Potion            |       |       |     2 |     1 ||     3
       Scroll            |       |       |     8 |     5 ||    13
 Stab: Sleeping          |     3 |     9 |     7 |     7 ||    26
       Invisible         |       |       |     2 |     1 ||     3
  Eat: Chunk             |     3 |     9 |    12 |     4 ||    28
       Ration            |       |       |       |     1 ||     1
Armor: Robe              |    11 |       |       |       ||    11
       Leather armour    |     5 |    64 |    53 |    44 ||   166
Dodge: Dodged            |    67 |    81 |   119 |    79 ||   346
Block: Buckler           |       |    18 |    68 |    37 ||   123

Table legend:
 A = Non-vault XP
 B = Vault XP
 C = Vault XP percentage of total XP
 D = Non-vault monster count
 E = Vault monster count
 F = Vault count percentage of total count
                 A         B        C        D         E       F
            +---------+---------+-------+---------+---------+-------
      Total |    5476 |    3311 |  37.7 |     150 |      31 |  17.1
            +---------+---------+-------+---------+---------+-------
        D:1 |      38 |      36 |  48.6 |      22 |       1 |   4.3
        D:2 |      44 |      35 |  44.3 |      12 |      11 |  47.8
        D:3 |      54 |      37 |  40.7 |      14 |       1 |   6.7
        D:4 |     482 |       0 |   0.0 |      21 |       0 |   0.0
        D:5 |     314 |       0 |   0.0 |      18 |       0 |   0.0
        D:6 |     943 |    1815 |  65.8 |      21 |       5 |  19.2
        D:7 |     620 |      70 |  10.1 |      10 |       1 |   9.1
        D:8 |     907 |    1255 |  58.0 |      17 |      11 |  39.3
     Lair:1 |    1496 |      63 |   4.0 |      13 |       1 |   7.1
     Lair:2 |     578 |       0 |   0.0 |       2 |       0 |   0.0
            +---------+---------+-------+---------+---------+-------
